 Dungeon Crawl Stone Soup version 0.28.0 (webtiles) character file.

Game seed: 9665412636284830528

89 horus123 the Magician (level 4, 0/24 HPs)
             Began as a Deep Elf Conjurer on Feb 8, 2022.
             Killed from afar by an orc wizard (8 damage)
             ... with a puff of flame
             ... on level 3 of the Dungeon.
             The game lasted 00:03:17 (2362 turns).

horus123 the Magician (Deep Elf Conjurer)           Turns: 2362, Time: 00:03:18

Health: 0/24       AC:  3    Str:  4    XL:     4   Next: 31%
Magic:  6/13       EV: 12    Int: 25    God:
Gold:   91         SH:  0    Dex: 13    Spells: 11/14 levels left

rFire   . . .      SeeInvis .   (no weapon)
rCold   . . .      Faith    .   (no shield)
rNeg    . . .      Spirit   .   a - +0 robe
rPois   .          Reflect  .   (no helmet)
rElec   .          Harm     .   g - +0 cloak
rCorr   .          Rampage  .   (no gloves)
Will    .....                   (no boots)
Stlth   ++........              (no amulet)
HPRegen 0.08/turn               (no ring)
MPRegen 0.13/turn               (no ring)

@: no status effects
A: no striking features
a: no special abilities


You were on level 3 of the Dungeon.
You visited 1 branch of the dungeon, and saw 3 of its levels.

You collected 91 gold pieces.

Inventory:

Armour
 a - a +0 robe (worn)
 g - a +0 cloak (worn)
Scrolls
 b - a scroll of enchant weapon {unknown}
 c - 2 scrolls of silence
Potions
 e - 2 potions of attraction {unknown}
 f - a potion of ambrosia {unknown}
 i - a potion of heal wounds {unknown}


   Skills:
 - Level 2.4 Dodging
 - Level 2.4 Stealth
 + Level 5.6 Spellcasting
 - Level 5.0 Conjurations


You had 11 spell levels left.
You knew the following spells:

 Your Spells              Type           Power      Damage    Failure   Level
a - Magic Dart            Conj           100%       1d8       1%          1
b - Searing Ray           Conj           64%        2d6       1%          2

Your spell library contained the following spells:

 Spells                   Type           Power      Damage    Failure   Level
 Dazzling Flash           Conj/Hex       38%        N/A       9%          3
 Fulminant Prism          Conj/Hex       9%         3d7       26%         4
 Iskenderun's Mystic Bla  Conj/Tloc      19%        2d6       26%         4


Dungeon Overview and Level Annotations

Branches:
Dungeon (3/15)

Altars:
Elyvilon

Shops:
D:2 :


Message History

Aiming: Magic Dart (safe; 1% risk of failure)
Press: ? - help, Q - select action, (/) - cycle Shift-Dir - straight line, f/p - orc
Aim: an orc, wielding a +0 short sword (heavily wounded, 100% to hit)
The magic dart hits the orc.
The orc is almost dead.
Unknown command.
Aiming: Magic Dart (safe; 1% risk of failure)
Press: ? - help, Q - select action, (/) - cycle Shift-Dir - straight line, f/p - orc
Aim: an orc, wielding a +0 short sword (almost dead, 100% to hit)
The magic dart hits the orc.
You kill the orc!
You start resting.
Magic restored.
You start resting.
An orc wizard comes into view. It is wielding a +0 short sword.
The magic dart hits the orc wizard.
The orc wizard is heavily wounded.
The magic dart hits the orc wizard but does no damage.
The orc wizard is heavily wounded.
The magic dart hits the orc wizard.
The orc wizard is heavily wounded.
The orc wizard casts a spell at you. The magic dart hits you!
The magic dart hits the orc wizard but does no damage.
The orc wizard is heavily wounded.
Casting: Magic Dart (safe; 1% risk of failure)
Confirm with . or Enter, or press ? or * to list all spells.
Aiming: Searing Ray (safe; 1% risk of failure)
Press: ? - help, Shift-Dir - straight line, f/p - orc wizard
Aim: an orc wizard, wielding a +0 short sword and wearing a +0 robe (heavily wounded, 76% to hit)
The searing ray hits the orc wizard.
The orc wizard is severely wounded. (Press . to maintain the ray.)
The orc wizard points at you and mumbles some strange words.
The puff of flame hits you!
The searing ray hits the orc wizard but does no damage.
The orc wizard is severely wounded.
The orc wizard casts a spell at you. The puff of flame hits you!
You die...

#######################
#...............@o.)?.#
#.######....#########.#
#.# #....# .# #.#
#....# .# #.# #....# o#
#.# #..(.# .. #.#
#....# .o #.# #....# ..
#.# #.....


You could see an orc wizard.

Vanquished Creatures
  An orc priest (D:3)
  An adder (D:3)
  A worm (D:3)
  2 dart slugs (D:1)
  2 orcs (D:3)
  An endoplasm (D:2)
  5 giant cockroaches
  3 goblins
  8 hobgoblins
  3 kobolds
  3 quokkas
  3 ball pythons (D:1)
  2 frilled lizards (D:2)
  6 rats
41 creatures vanquished.

Notes
Turn   | Place    | Note
-------+----------+-------------------------------------------
     0 | D:1      | horus123 the Deep Elf Conjurer began the quest for the Orb.
     0 | D:1      | Reached XP level 1. HP: 10/10 MP: 6/6
   236 | D:1      | Reached XP level 2. HP: 15/15 MP: 6/9
   284 | D:1      | Learned a level 2 spell: Searing Ray
   854 | D:1      | Found a faded altar of an unknown god.
  1334 | D:2      | Reached skill level 5 in Conjurations
  1334 | D:2      | Reached XP level 3. HP: 19/19 MP: 7/10
  1412 | D:2      | Found a white marble altar of Elyvilon.
  1669 | D:2      | Identified the +0 ring mail of Joynnuoph {Harm}
  1931 | D:2      | Found Oge Giet's Book Shoppe.
  2185 | D:3      | Reached skill level 5 in Spellcasting
  2186 | D:3      | Reached XP level 4. HP: 10/24 MP: 8/13
  2362 | D:3      | Killed from afar by an orc wizard

Illustrated notes

Levels and vault maps discovered:
D:1:      wheals_arrival_linesprint, layout_loops_ring,
          chequers_ecumenical_altar_simple, hangedman_decor_riveting
D:2:      layout_loops_ring, basic_altar, serial_shops, nicolae_lakefront_shop
D:3:      layout_basic

Skill      XL: |  1  2  3 |
---------------+----------+-----
Spellcasting   | 4 5 |  5.6
Conjurations   | 5 |  5.0
Dodging        | |  2.4
Stealth        | |  2.4

Action                   |  1- 3 |  4- 6 || total
-------------------------+-------+-------++-------
 Cast: Magic Dart        |    75 |     7 ||    82
       Searing Ray       |     1 |     1 ||     2
  Use: Scroll            |     3 |       ||     3
